 Dungeon Crawl Stone Soup version 0.25.0-9-g26727b657a (webtiles) character file.

Game seed: 3921244109094522161

198 mopl the Digger (level 5, 0/31 HPs)
             Began as an Octopode Earth Elementalist on June 16, 2020.
             Slain by a scorpion (10 damage)
             ... on level 4 of the Dungeon.
             The game lasted 00:03:11 (2890 turns).

mopl the Digger (Octopode Earth Elementalist)       Turns: 2890, Time: 00:03:12

Health: 0/31       AC:  1    Str:  8    XL:     5   Next: 76%
Magic:  2/10       EV: 13    Int: 18    God:
Gold:   112        SH:  5    Dex: 12    Spells: 0/10 levels left

rFire    + . .     SeeInvis .   r - +0 rapier
rCold    . . .     Gourm    .   (no shield)
rNeg     . . .     Faith    .   (helmet restricted)
rPois    .         Spirit   .   v - amulet of reflection
rElec    .         Reflect  +   l - ring of flight
rCorr    .         Harm     .   p - ring of protection from fire
MR       .....                  (no ring)
Stlth    +++.......             (no ring)
HPRegen  0.10/turn              (no ring)
MPRegen  0.12/turn              (no ring)
                                (no ring)
                                (no ring)

@: lethally poisoned (0 -> -9), very slightly contaminated
A: almost no armour, stealthy swim, amphibious, 8 rings, constrict 8, camouflage
1, gelatinous body 1
a: Evoke Flight


You were on level 4 of the Dungeon.
You were not hungry.

You visited 1 branch of the dungeon, and saw 4 of its levels.

You collected 112 gold pieces.

Inventory:

Hand Weapons
 h - a +0 spear
 n - a +0 short sword
 r - a +0 rapier (weapon)
 t - a +0 long sword
Missiles
 b - 95 stones (quivered)
 e - a throwing net
 g - 7 javelins
Jewellery
 l - a ring of flight (left tentacle)
 p - a ring of protection from fire (right tentacle)
 v - an amulet of reflection (around mantle)
Scrolls
 a - a scroll of immolation {unknown}
 f - a scroll of fear {unknown}
 o - 2 scrolls of remove curse {unknown}
 q - 2 scrolls of teleportation {unknown}
 s - a scroll of blinking {unknown}
 u - a scroll of enchant weapon {unknown}
Potions
 d - a potion of invisibility {unknown}
 i - 3 potions of curing {unknown}
 j - a potion of lignification {unknown}
 k - a potion of cancellation {unknown}
 m - 3 potions of stabbing {unknown}
 w - a potion of might {unknown}
Comestibles
 c - 6 rations


   Skills:
 - Level 2.0 Dodging
 + Level 4.1 Stealth
 * Level 3.4 Spellcasting
 + Level 1.3 Conjurations
 + Level 2.0 Transmutations
 * Level 4.1 Earth Magic


You couldn't memorise any spells.
You knew the following spells:

 Your Spells              Type           Power        Failure   Level  Hunger
a - Sandblast             Erth           ###...       2%          1    None
b - Stone Arrow           Conj/Erth      ##....       16%         3    ###....
c - Petrify               Tmut/Erth      ##......     41%         4    ####...
p - Passwall              Tmut/Erth      ##......     7%          2    ##.....

Your spell library contained the following spells:

 Spells                   Type           Power        Failure   Level  Hunger
 Lee's Rapid Deconstruct  Erth           ###.......   61%         5    ######.


Dungeon Overview and Level Annotations

Branches:
Dungeon (4/15)
 Temple: D:4-7

Altars:
Elyvilon
Makhleb

Annotations:
D:3 Sigmund


Innate Abilities, Weirdness & Mutations

You cannot wear most types of armour.
You are very stealthy in the water. (Stealth+)
You are amphibious.
You can wear up to eight rings at the same time.
You can use your tentacles to constrict eight enemies at once.
Your skin changes colour to match your surroundings (Stealth+).
Your rubbery body absorbs attacks. (AC +1, EV +1)


Message History

Confirm with . or Enter, or press ? or * to list all spells.
Aiming: Sandblast (safe; 3% risk of failure)
Press: ? - help, Shift-Dir - straight line, f/p - scorpion
Aim: a scorpion (almost dead)
The blast of sand hits the scorpion!
You kill the scorpion!
Your Transmutations skill increases to level 2!
Your Earth Magic skill increases to level 4!
b - 95 stones You feel sick.
The scorpion stings you!
Unknown command.
Casting: Sandblast (safe; 2% risk of failure)
Confirm with . or Enter, or press ? or * to list all spells.
Aiming: Sandblast (safe; 2% risk of failure)
Press: ? - help, Shift-Dir - straight line, f - scorpion
Aim: a scorpion You miscast Sandblast.
You are very lightly contaminated with residual magic.
Nothing appears to happen.
You feel sick. The scorpion stings you!
You die...

######+## ####
........#....#
........#....#
........'....# ...
......s.# ....
####
#......@######....
###.<#
###+#.............
.....#
+.............
.....#
#.............
.#####
#.............
.###.####
#....#'######
.........
#....#........
..>......
#....#........
.........
#....#........


You could see a scorpion.

Vanquished Creatures
  A scorpion (D:4)
  A crimson imp (D:3)
  A bullfrog skeleton (D:4)
  3 adders (D:2)
  A worm (D:2)
  4 dart slugs
  A leopard gecko (D:1)
  An orc (D:3)
  4 bats
  4 giant cockroaches
  5 goblins
  6 hobgoblins
  3 jackals (D:2)
  6 kobolds
  6 frilled lizards
  2 rats (D:1)
49 creatures vanquished.

Notes
Turn   | Place    | Note
-------+----------+-------------------------------------------
     0 | D:1      | mopl the Octopode Earth Elementalist began the quest for
                  | the Orb.
     0 | D:1      | Reached XP level 1. HP: 11/11 MP: 3/3
   178 | D:1      | Reached XP level 2. HP: 15/17 MP: 5/5
   209 | D:1      | Learned a level 2 spell: Passwall
   937 | D:2      | Reached XP level 3. HP: 21/21 MP: 6/6
   942 | D:2      | Learned a level 3 spell: Stone Arrow
  1502 | D:2      | Reached XP level 4. HP: 17/27 MP: 8/8
  1681 | D:2      | Found a burning altar of Makhleb.
  2120 | D:3      | Found a faded altar of an unknown god.
  2132 | D:3      | Became a worshipper of Elyvilon the Healer
  2132 | D:3      | Reached * piety under Elyvilon
  2133 | D:3      | Fell from the grace of Elyvilon
  2188 | D:3      | Reached skill level 1 in Conjurations
  2188 | D:3      | Reached XP level 5. HP: 7/31 MP: 9/9
  2641 | D:3      | Noticed Sigmund
  2746 | D:4      | Learned a level 4 spell: Petrify
  2890 | D:4      | Slain by a scorpion

Illustrated notes

Levels and vault maps discovered:
D:1:      matt_arrival_diagonals, layout_loops_ring
D:2:      layout_basic, lemuel_coloured_pillars_altar, serial_forest,
          infiniplex_forest_clump_diagonal, infiniplex_forest_lined_3,
          infiniplex_forest_lined_1, infiniplex_forest_lined_room_2,
          infiniplex_forest_end_2, infiniplex_forest_clump_medium,
          infiniplex_forest_straight_4, minmay_cupped
D:3:      layout_basic, chequers_ecumenical_altar_simple,
          minmay_misc_feat_four_crosses, uniq_sigmund
D:4:      layout_gridville, serial_shops, shop, hellmonk_ghost_happy_afterlife,
          minmay_cut_off, uniq_edmund

Skill      XL: |  1  2  3  4  5 |
---------------+----------------+-----
Stealth        | 3 4 |  4.1
Spellcasting   | 3 |  3.4
Conjurations   | 1 |  1.3
Transmutations | 2 |  2.0
Earth Magic    | 4 |  4.1
Dodging        | |  2.0

Action                   |  1- 3 |  4- 6 || total
-------------------------+-------+-------++-------
Melee: Unarmed           |    24 |       ||    24
       Constrict         |    16 |    12 ||    28
       Tentacles         |    13 |     3 ||    16
       Spear             |    37 |       ||    37
       Short sword       |    28 |    40 ||    68
       Rapier            |       |    10 ||    10
 Cast: Sandblast         |     8 |     7 ||    15
       Passwall          |       |     1 ||     1
Invok: Renounce Religion |       |     1 ||     1
 Stab: Sleeping          |     9 |     3 ||    12
  Eat: Chunk             |     2 |     4 ||     6
Armor: Skin              |     4 |     2 ||     6
Dodge: Dodged            |    60 |    35 ||    95
Block: Other             |       |     2 ||     2
